Map: Disco Bloodbath LE

Players

Tassad - Winner!

  • Race: Protoss Protoss
  • League: Diamond
  • Spawn Location: 9:00

A.I. 1 (Very Easy)

  • Race: Zerg Zerg
  • Spawn Location: 3:00

VOD

Have the link to the VOD?

Description

Time

  • Played on: Nov. 2, 2019, 4:51 p.m.
  • Length: 12:46
Show
View Real Time Build Order
Export as new Build Order

Tassad Protoss - Winner!

Build Orders: 1 Gate Expand, Oracle Opening, Carriers 

Get SALT Encoding   

  12  0:01  Probe  
  13  0:13  Probe  
  14  0:21  Pylon  
  14  0:25  Probe  
  15  0:39  Probe (Chrono Boost)  
  16  0:44  Gateway  
  16  0:49  Assimilator  
  17  0:51  Probe (Chrono Boost)  
  17  0:56  Probe (Chrono Boost)  
  18  1:05  Probe (Chrono Boost)  
  19  1:15  Probe (Chrono Boost)  
  20  1:20  Probe (Chrono Boost)  
  21  1:36  Nexus  
  21  1:40  Cybernetics Core  
  21  1:49  Pylon  
  21  1:53  Assimilator  
  21  1:54  Probe  
  22  2:06  Probe  
  25  2:08  Zealot  
  25  2:18  Probe  
  25  2:22  Stargate  
  26  2:27  Gateway  
  26  2:35  Probe (Chrono Boost), Adept  
  29  2:41  Warp Gate  
  29  2:47  Probe (Chrono Boost)  
  29  2:50  Probe (Chrono Boost)  
  31  2:57  Probe (Chrono Boost)  
  33  2:59  Probe (Chrono Boost)  
  33  3:03  Probe x2 (Chrono Boost)  
  35  3:07  Oracle  
  38  3:13  Probe  
  38  3:15  Probe, Adept  
  42  3:25  Probe  
  42  3:27  Probe  
  44  3:42  Nexus  
  44  3:44  Pylon  
  44  3:57  Probe (Chrono Boost)  
  44  3:58  Probe (Chrono Boost)  
  44  4:01  Void Ray  
  50  4:09  Probe (Chrono Boost)  
  52  4:10  Probe (Chrono Boost)  
  52  4:13  Pylon  
  52  4:16  Assimilator  
  52  4:20  Assimilator  
  52  4:27  Probe (Chrono Boost)  
  52  4:28  Probe (Chrono Boost)  
  54  4:34  Adept x2  
  60  4:39  Probe (Chrono Boost), Fleet Beacon  
  60  4:40  Probe (Chrono Boost)  
  60  4:43  Probe (Chrono Boost)  
  61  4:48  Probe  
  62  4:54  Stargate  
  61  5:02  Probe (Chrono Boost)  
  61  5:04  Probe (Chrono Boost)  
  61  5:05  Probe (Chrono Boost)  
  64  5:13  Probe (Chrono Boost)  
  67  5:15  Probe (Chrono Boost), Stargate  
  67  5:16  Pylon  
  67  5:17  Probe (Chrono Boost)  
  67  5:18  Probe (Chrono Boost)  
  68  5:22  Probe (Chrono Boost)  
  71  5:31  Probe (Chrono Boost), Assimilator  
  71  5:33  Probe x2 (Chrono Boost), Assimilator  
  71  5:34  Carrier  
  78  5:38  Probe x2 (Chrono Boost)  
  78  5:39  Probe (Chrono Boost)  
  81  5:47  Pylon  
  81  5:49  Probe, Pylon  
  82  5:52  Gateway  
  82  6:02  Carrier (Chrono Boost)  
  82  6:07  Probe (Chrono Boost)  
  82  6:10  Probe (Chrono Boost)  
  82  6:11  Probe (Chrono Boost), Carrier (Chrono Boost)  
  99  6:18  Probe (Chrono Boost)  
  99  6:21  Probe x2 (Chrono Boost)  
  99  6:23  Pylon  
  99  6:25  Gateway  
  100  6:28  Pylon  
  100  6:29  Pylon  
  100  6:32  Protoss Air Weapons Level 1, Twilight Council  
  100  6:46  Carrier (Chrono Boost)  
  106  6:54  Gateway  
  106  6:56  Gateway  
  106  7:00  Robotics Facility  
  106  7:08  Carrier (Chrono Boost)  
  118  7:17  Carrier (Chrono Boost)  
  118  7:20  Charge  
  118  7:24  Zealot  
  118  7:25  Zealot x2  
  124  7:39  Nexus  
  124  7:42  Pylon  
  124  7:43  Pylon  
  124  7:46  Pylon  
  124  7:48  Pylon  
  124  7:52  Assimilator  
  124  7:55  Assimilator  
  124  7:57  Carrier (Chrono Boost)  
  124  7:59  Probe  
  124  8:00  Probe x2  
  133  8:13  Gateway  
  133  8:15  Gateway  
  133  8:21  Carrier (Chrono Boost), Templar Archives  
  133  8:22  Carrier (Chrono Boost)  
  133  8:23  Gateway  
  145  8:34  Warp Prism  
  147  8:50  Protoss Air Weapons Level 2 (Chrono Boost)  
  147  8:53  Forge  
  147  8:54  Carrier (Chrono Boost)  
  147  8:56  Cybernetics Core  
  147  9:00  Psionic Storm  
  153  9:10  High Templar  
  153  9:11  High Templar  
  153  9:12  Zealot  
  153  9:13  Zealot x4  
  167  9:26  Protoss Shields Level 1  
  167  9:37  Pylon  
  167  9:38  Pylon  
  167  9:40  Pylon  
  167  9:41  Pylon  
  167  9:46  Carrier  
  167  9:49  Mothership (Chrono Boost)  
  167  9:51  Protoss Air Armor Level 1 (Chrono Boost)  
  167  9:59  Carrier  
  181  10:03  Observer  
  182  10:13  Pylon  
  188  10:34  Carrier  
  194  10:38  High Templar  
  194  10:39  High Templar  
  194  10:41  High Templar  
  200  11:14  Gateway  
  200  11:16  Gateway  
  200  11:18  Gateway  
  200  11:20  Gateway  
Show
View Real Time Build Order
Export as new Build Order

A.I. 1 (Very Easy) Zerg 

Build Orders: Pool First 

Get SALT Encoding   

  12  0:00  Drone  
  13  0:12  Overlord  
  13  0:16  Drone  
  14  0:35  Spawning Pool  
  13  0:37  Extractor  
  13  0:39  Drone  
  13  0:47  Drone  
  14  0:52  Overlord  
  14  1:22  Zergling x2  
  14  1:24  Queen  
  17  1:31  Roach Warren  
  16  1:33  Zergling x2  
  16  1:35  Drone  
  18  1:45  Zergling x2, Drone  
  20  1:55  Drone  
  21  2:06  Drone  
  22  2:16  Drone  
  23  2:27  Drone  
  24  2:30  Overlord  
  24  2:34  Drone  
  24  4:46  Drone, Roach  
  24  4:47  Extractor  
  24  4:48  Lair  
  26  4:53  Drone  
  27  5:00  Drone  
  28  5:08  Drone  
  29  5:15  Drone  
  29  5:16  Overlord, Ravager  
  31  5:22  Drone  
  31  5:25  Zergling x2  
  31  5:29  Drone  
  32  5:47  Overseer x2  
  32  5:54  Zergling x2  
  33  6:26  Hatchery  
  32  7:38  Drone  
  33  7:45  Extractor  
  33  7:46  Drone  
  33  7:50  Extractor  
  32  7:53  Drone  
  33  8:00  Drone  
  34  8:08  Drone  
  35  8:15  Drone  
  36  8:22  Drone  
  37  8:29  Drone  
  38  8:36  Drone  
  39  8:43  Drone  
  40  8:50  Drone  
  41  8:58  Drone  
  42  9:05  Drone  
  43  9:12  Drone  
  44  9:19  Drone  
  44  9:20  Overlord  
  45  9:26  Drone  
  45  9:30  Pneumatized Carapace  
  46  9:31  Overseer  
  46  9:33  Drone  
  47  9:39  Overlord  
  47  9:40  Infestation Pit  
  47  9:41  Drone  
  47  9:42  Hydralisk Den  
  46  9:48  Drone  
  47  10:09  Zergling x2  
  43  10:15  Overseer  
  43  10:18  Hive  
  43  10:37  Hydralisk  
  45  11:35  Ultralisk Cavern  
  45  11:37  Drone  
  45  11:58  Hydralisk  
  45  11:59  Overlord  
  47  12:04  Drone  
  38  12:12  Drone  
  24  12:19  Overseer  
  24  12:20  Drone  
  24  12:22  Overlord  
  24  12:27  Drone  
  24  12:28  Zergling x2  
Tags
 
Add a new tag
Caveats
  • Supply blocks, unpowered buildings, or Contaminate may cause inaccurate times.
  • Supply counts are checked every 10 seconds.